 Dungeon Crawl Stone Soup version 0.32-a0-131-g9dbbe29261 (webtiles) character file.

Game seed: 4869172636394682976

690 Dittersdorf the Trooper (level 7, -9/44 HPs)
             Began as a Gargoyle Fighter on Feb 8, 2024.
             Mangled by an ogre
             ... wielding a +0 giant spiked club
              (10 damage)
             ... while paralysed by Grinder
             ... on level 4 of the Dungeon.
             The game lasted 00:04:38 (3883 turns).

Dittersdorf the Trooper (Gargoyle Fighter)          Turns: 3883, Time: 00:04:39

Health: -9/44      AC: 27    Str: 27    XL:     7   Next: 63%
Magic:  0/7        EV:  2    Int:  9    God:
Gold:   70         SH:  0    Dex:  9    Spells: 6/6 levels left

rFire   . . .        a - +1 flail (protect)
rCold   . . .        c - +0 buckler
rNeg    + . .        j - +0 chain mail
rPois   ∞            (no helmet)
rElec   +            (no cloak)
rCorr   .            i - +0 pair of gloves
SInv    .            (no boots)
Will    .....        p - amulet of guardian spirit Stlth
                     e - +6 ring of strength
HPRegen 0.27/turn    s - +4 ring of protection
MPRegen 0.10/turn

%: guardian spirit
@: paralysed, under a protective aura
A: sickness immunity, AC +4, negative energy resistance 1, electricity
resistance, torment resistance 1, petrification resistance
a: no special abilities


You were on level 4 of the Dungeon.
You visited 1 branch of the dungeon, and saw 4 of its levels.

You collected 255 gold pieces.
You spent 185 gold pieces at shops.

Inventory:

Hand Weapons
 a - a +1 flail of protection (weapon)
 t - a +0 morningstar
Armour
 c - a +0 buckler (worn)
 i - a +0 pair of gloves (worn)
 j - a +0 chain mail (worn)
Jewellery
 e - a +6 ring of strength (left hand)
 p - an amulet of guardian spirit (around neck)
 s - a +4 ring of protection (right hand)
Scrolls
 b - 5 scrolls of identify {unknown}
 g - a scroll of poison {unknown}
 h - 2 scrolls of teleportation {unknown}
 k - a scroll of revelation {unknown}
 l - a scroll of silence {unknown}
 n - a scroll of immolation {unknown}
 o - a scroll of vulnerability {unknown}
 r - 3 scrolls of enchant armour
Potions
 d - 2 potions of might
 f - 5 potions of curing {unknown}
 m - a potion of magic {unknown}
 q - 2 potions of heal wounds


   Skills:
 + Level 5.5 Fighting
 + Level 4.4 Maces & Flails
 + Level 5.5 Armour
 + Level 5.5 Shields


You had 6 spell levels left.
You didn't know any spells.
Your spell library contained the following spells:

 Spells                   Type           Power      Damage    Failure   Level
 Ensorcelled Hibernation  Hex/Ice        0%         N/A       97%         2
 Passwall                 Erth           0%         N/A       99%         3
 Swiftness                Air            0%         N/A       99%         3


Dungeon Overview and Level Annotations

Branches:
Dungeon (4/15)
 Temple: D:4-7

Altars:
Okawaru
Wu Jian
Zin

Shops:
D:2 !***

Annotations:
D:4 Grinder


Innate Abilities, Weirdness & Mutations

You are immune to sickness and miasma.
Your stone body is resilient. (AC +4)
You are immune to poison.
You resist negative energy. (rN+)
You are resistant to electric shocks. (rElec)
You are resistant to unholy torment.
You are immune to petrification.


Message History

Menkaure hits you but does no damage. x2
You hit Menkaure.
Menkaure is almost destroyed.
Menkaure hits you.
You hit Menkaure.
You destroy Menkaure!
You start resting.
Magic restored.
You start resting.
HP restored.
r - 3 scrolls of enchant armour (gained 2)
An ogre comes into view. It is wielding a +0 giant spiked club.
Found a ring mail.
The ogre shouts!
Grinder comes into view.
Grinder shouts!
You barely miss the ogre.
The ogre hits you with a +0 giant spiked club!!
You hit the ogre but do no damage.
Your weapon exudes an aura of protection.
The ogre hits you but does no damage.
You hit the ogre.
The ogre is moderately wounded.
Grinder blinks!
The ogre hits you but does no damage.
You barely miss the ogre.
The ogre is moderately wounded.
You hit the ogre.
The ogre is moderately wounded.
The ogre hits you with a +0 giant spiked club!
* * * LOW HITPOINT WARNING * * *
You hit the ogre.
The ogre is heavily wounded.
The ogre hits you but does no damage. Grinder gestures at you.
You suddenly lose the ability to move!
The ogre attacks as it pursues you!
The ogre hits you with a +0 giant spiked club!
* * * LOW HITPOINT WARNING * * *
Grinder hits you but does no damage.
The ogre hits you with a +0 giant spiked club!
You die...

#####..###.# ..#
######.# ...# ######
#...# P..## ...).#
#.#.####..... ......
###.#..........
............#......##
.........#......####
.........#####..####
........
#..@O.####..#
........ #..5##.....#
.[.... #...##..#..##
..... #...#.... .#
#.........# .#
#.......... #
#...........#
#..#...5...[.
#.........#


You could see Grinder and an ogre.

Vanquished Creatures
  Menkaure (D:4)
  Edmund (D:4)
  An ice beast (D:3)
  A centaur (D:3)
  A phantom (D:4)
  A scorpion (D:4)
  A hound (D:4)
  An orc wizard (D:4)
  An adder (D:3)
  3 ribbon worms
  11 orcs
  8 endoplasms
  2 giant cockroaches
  6 goblins
  6 hobgoblins
  7 jackals
  A quokka (D:3)
  5 ball pythons
  7 bats
  5 frilled lizards
  4 kobolds
  4 rats
78 creatures vanquished.

Notes
Turn   | Place    | Note
-------+----------+-------------------------------------------
     0 | D:1      | Dittersdorf the Gargoyle Fighter began the quest for the
                  | Orb.
     0 | D:1      | Reached XP level 1. HP: 14/14 MP: 1/1
   363 | D:1      | Reached XP level 2. HP: 19/19 MP: 2/2
   532 | D:1      | Found a faded altar of an unknown god.
   987 | D:2      | Found Epiace's Distillery.
  1022 | D:2      | Reached XP level 3. HP: 18/23 MP: 3/3
  1177 | D:2      | Found Jihaet's General Store.
  1209 | D:2      | Found Iwnyr's General Store.
  1381 | D:2      | Found Ged Hyca's General Store.
  2009 | D:3      | Found an ornate altar of the Wu Jian Council.
  2079 | D:3      | Reached XP level 4. HP: 20/29 MP: 4/4
  2197 | D:3      | Noticed an ice beast
  2202 | D:3      | Killed an ice beast
  2203 | D:3      | Reached XP level 5. HP: 26/33 MP: 5/5
  2266 | D:3      | Noticed a centaur
  2277 | D:3      | Killed a centaur
  2278 | D:3      | Reached XP level 6. HP: 22/39 MP: 6/6
  3083 | D:2      | Bought a potion of heal wounds for 50 gold pieces
  3083 | D:2      | Bought a scroll of enchant armour for 75 gold pieces
  3155 | D:2      | Bought a potion of heal wounds for 60 gold pieces
  3295 | D:4      | Found an iron altar of Okawaru.
  3468 | D:4      | Reached skill level 5 in Fighting
  3468 | D:4      | Reached skill level 5 in Armour
  3468 | D:4      | Reached skill level 5 in Shields
  3559 | D:4      | Noticed Edmund
  3575 | D:4      | Killed Edmund
  3576 | D:4      | Reached XP level 7. HP: 30/44 MP: 4/7
  3661 | D:4      | Found a glowing silver altar of Zin.
  3673 | D:4      | Noticed Menkaure
  3690 | D:4      | Killed Menkaure
  3870 | D:4      | Noticed Grinder
  3881 | D:4      | Paralysed by Grinder for 3 turns
  3881 | D:4      | HP: 1/44 [ogre/+0 giant spiked club (12)]
  3883 | D:4      | Mangled by an ogre

Illustrated notes

Levels and vault maps discovered:
D:1:      arrival_zaba_pyramid, layout_loops_ring,
          hellmonk_ecumenical_altar_inner_sanctum
D:2:      layout_loops_corners, serial_shops, nicolae_shop_tiny_waterfront,
          nicolae_shop_crystal, shop, shop, hangedman_decor_clover_reticule,
          chequers_serial_rivers_small_b
D:3:      minmay_thinvault, layout_rooms, nicolae_overflow_crystal_walls
D:4:      corexii_shack_village, layout_cave_pods, overflow_temple_1_default,
          lemuel_crystal_altar, uniq_edmund, uniq_menkaure, uniq_grinder

Skill      XL: |  1  2  3  4  5  6 |
---------------+-------------------+-----
Fighting       | 4 5 |  5.5
Maces & Flails | 3 4 |  4.4
Armour         | 4 5 |  5.5
Shields        | 4 5 |  5.5

Action                     |  1- 3 |  4- 6 |  7- 9 || total
---------------------------+-------+-------+-------++-------
  Melee: Flail             |   156 |   150 |    24 ||   330
         Morningstar       |       |    14 |       ||    14
 Armour: Scale mail        |    73 |       |       ||    73
         Chain mail        |    92 |   155 |    20 ||   267
  Dodge: Dodged            |    87 |    88 |     2 ||   177
  Block: Buckler           |    54 |    46 |     4 ||   104

Table legend: (Time is in decaauts)
 A = Elapsed time spent in this place.
 B = Non-inter-level travel time spent in this place.
 C = Inter-level travel time spent in this place.
 D = Time resting spent in this place.
 E = Time spent auto-exploring this place.
 F = Levels seen in this place.
 G = Mean time per level.
                   A        B        C        D        E       F      G
               +--------+--------+--------+--------+--------+-----+--------+
         Total |   3979 |   3656 |    323 |    225 |   2657 |   4 |  994.8 |
       Dungeon |   3979 |   3656 |    323 |    225 |   2657 |   4 |  994.8 |
               +--------+--------+--------+--------+--------+-----+--------+

Top non-repeatable levels by time:
     D:3: 1237 daAuts
     D:2: 1129 daAuts
     D:1: 872 daAuts
     D:4: 740 daAuts
